 Dungeon Crawl Stone Soup version 0.18.1-8-gdd0e5ea (webtiles) character file.

9408 mrath the Skirmisher (level 11, -36/110 (111) HPs)
             Began as a Troll Monk on June 12, 2016.
             Was an Elder of Okawaru.
             Killed from afar by Erica (37 damage)
             ... with an orb of energy
             ... on level 11 of the Dungeon.
             The game lasted 01:10:59 (10958 turns).

mrath the Skirmisher (Troll Monk)                  Turns: 10958, Time: 01:10:59

HP:   -36/110 (111) AC: 15    Str: 23    XL:     11   Next: 22%
MP:   13/13         EV: 15    Int:  4    God:    Okawaru [****..]
Gold: 688           SH:  0    Dex: 23    Spells: 0 memorised, 10 levels left

rFire  . . .     SeeInvis .       - Unarmed
rCold  . . .     Gourm    +     D - +4 robe of Fortification {Str+2 Int-2 Dex+8}
rNeg   . . .     Faith    .     (no shield)
rPois  +         Spirit   .     (helmet restricted)
rElec  .         Dismiss  +     g - +0 cloak
rCorr  .         Reflect  .     (gloves unavailable)
SustAt .         Harm     .     (boots unavailable)
MR     .....                    C - amulet of dismissal
Stlth  +++.......               x - +5 ring of protection
                                K - ring of poison resistance

@: studying Charms, not resistant to hostile enchantments, fairly stealthy
A: unfitting armour, claws 3, fast metabolism 3, gourmand, regeneration 2,
shaggy fur 1, tough skin 2
a: Heroism, Renounce Religion


You were on level 11 of the Dungeon.
You worshipped Okawaru.
Okawaru was greatly pleased with you.
You were not hungry.

You visited 2 branches of the dungeon, and saw 12 of its levels.
You also visited: Labyrinth and Sewer.

You collected 792 gold pieces.
You spent 104 gold pieces at shops.

Inventory:

Hand Weapons
 m - a +1 hunting sling
 p - a +1 arbalest of freezing
 O - the +8 trident of the Cup {freeze, +Blink}
   (You found it on level 8 of the Dungeon)

   It has been specially enchanted to freeze those struck by it, causing extra
   injury to most foes and up to half again as much damage against particularly
   susceptible opponents.
   It can also slow down cold-blooded creatures.
   It lets you blink.
Missiles
 h - 236 stones
 s - 7 tomahawks (quivered)
 A - 65 sling bullets
Armour
 g - a +0 cloak (worn)
 D - the +4 robe of Fortification (worn) {Str+2 Int-2 Dex+8}
   (You found it on level 4 of the Dungeon)

   It affects your strength (+2).
   It affects your intelligence (-2).
   It affects your dexterity (+8).
Magical Staves
 Q - an uncursed staff of air {unknown}
 S - an uncursed staff of wizardry {unknown}
Jewellery
 b - an uncursed ring of ice
 q - an uncursed ring of sustain attributes
 v - an uncursed amulet of magic regeneration {unknown}
 x - a +5 ring of protection (right claw)
 C - an amulet of dismissal (around neck)
 G - a +3 ring of dexterity {unknown}
 K - a ring of poison resistance (left claw)
 N - an uncursed ring of wizardry {unknown}
 V - an uncursed ring of flight
 W - an uncursed ring of protection from cold {unknown}
Wands
 k - a wand of disintegration (22/24)
 l - a wand of slowing (26/48)
 B - a wand of teleportation (8/9)
 H - a wand of iceblast (11/15)
 J - a wand of iceblast (7/15)
 X - a wand of flame (19/48)
 Y - a wand of disintegration (17/24)
Scrolls
 a - 4 scrolls of identify
 c - 5 scrolls of remove curse
 d - 8 scrolls of teleportation
 e - 4 scrolls of fear
 f - 3 scrolls of summoning {unknown}
 y - 2 scrolls of enchant armour
 F - a scroll of magic mapping {unknown}
Potions
 i - 4 potions of curing
 n - 3 potions of lignification
 o - 6 potions of flight
 t - 2 potions of heal wounds
 u - 4 potions of cure mutation
 z - 3 potions of agility
 E - a potion of haste
 L - a potion of mutation {unknown}
 T - a potion of might {unknown}
Books
 w - a book of Conjurations

   Spells                             Type                      Level
   a - Magic Dart                     Conjuration                  1
   b - Searing Ray                    Conjuration                  2
   c - Dazzling Spray                 Conjuration/Hexes            3
   d - Fulminant Prism                Conjuration/Hexes            4
   e - Iskenderun's Mystic Blast      Conjuration                  4
   f - Iskenderun's Battlesphere      Conjuration/Charms           5
 P - a manual of Charms
Miscellaneous
 R - a disc of storms
Comestibles
 j - 6 fruits
 r - 15 beef jerkies
 I - 7 bread rations
 M - a meat ration
 U - 2 slices of pizza
 Z - 9 chunks of flesh


   Skills:
 + Level 7.8 Fighting
 + Level 3.5 Throwing
 + Level 3.2 Armour
 + Level 6.3 Dodging
 + Level 4.8 Stealth
 + Level 7.8 Unarmed Combat
 + Level 3.7 Invocations
 + Level 4.8 Evocations


You had 10 spell levels left.
You didn't know any spells.

Dungeon Overview and Level Annotations

Branches:
Dungeon (11/15)            Temple (1/1) D:5            Lair (0/8) D:11
    Orc (0/2) D:10

Altars:
Dithmenos
Fedhas
Gozag
Nemelex Xobeh
Okawaru
Qazlal
Ru
Trog
Vehumet
Xom
Yredelemnul
Zin
The Shining One

Shops:
D:5 }((!%   D:6 (

Annotations:
D:11 Erica


Innate Abilities, Weirdness & Mutations

You are too large for most types of armour.
You have claws for hands.
Your metabolism is lightning-fast.
You like to eat raw meat.
You heal very quickly.
You are covered in fur (AC +1).
You have very tough skin (AC +2).


Message History

You hear some strange, mumbled words.
An orb of energy appears from out of thin air!
The orb of energy hits you!
The orb of energy explodes!
You hear some strange, mumbled words.
Something tries to affect you, but you resist.
You hear some strange, mumbled words.
An orb of energy appears from out of thin air!
The orb of energy hits you!
* * * LOW HITPOINT WARNING * * *
The orb of energy explodes!
You hear some strange, mumbled words.
A bolt of poison appears from out of thin air!
The bolt of poison hits you! You resist.
* * * LOW HITPOINT WARNING * * *
An orb of energy appears from out of thin air!
The orb of energy hits you!
* * * LOW HITPOINT WARNING * * *
An orb of energy appears from out of thin air!
The orb of energy hits you!
You die...

.....................# ##
..##................## ##.
...............#....## ####..
..........{..........# ##.###.
..................#.## ###...#..
...#...............######........
.P.###...............#.#......#..
..#.##.......................#...
.....#..........@.#....#....###..
...............#.#........#..#.#.
.......>........#...#............
.............................#...
.................................
.....#...................#.......
.................................
.................................
...........................).....


There were no monsters in sight!

Vanquished Creatures
  A minotaur (Lab)
  A hill giant (D:10)
  A centaur zombie (D:8)
  Maurice (D:9)
  The ghost of matakusis the Caller, an amateur DsWz of Sif Muna (D:6)
  Eustachio (D:6)
  A shadow (D:9)
  A hungry ghost (Lab)
  3 yaks
  A hippogriff (D:7)
  Menkaure (D:7)
  The ghost of matakusis the Magician, an amateur DEWz (Sewer)
  2 porcupines (D:11)
  Edmund (D:5)
  A swamp drake (D:10)
  2 orc warriors (D:10)
  3 ice beasts
  2 phantoms
  3 black bears (D:9)
  A necrophage (D:8)
  3 sky beasts
  6 ogres
  The ghost of Stormphoenix the Insei, an amateur DsMo (D:3)
  6 centaurs
  A big kobold (D:8)
  4 crocodiles
  7 giant frogs
  A gnoll sergeant (D:6)
  2 scorpions
  3 killer bees (D:8)
  3 howler monkeys
  3 crimson imps
  7 lava snakes
  4 hounds
  3 jellies
  5 orc priests
  2 giant frog skeletons (D:11)
  A gnoll shaman (D:6)
  10 orc wizards
  6 iguanas
  8 worker ants
  2 worker ant zombies
  Robin (D:3)
  16 adders
  33 gnolls
  7 river rats
  2 shadow imps
  3 oozes
  7 worms
  4 dart slugs
  6 giant geckos
  27 orcs
  14 bats
  7 giant cockroaches
  10 hobgoblins
  31 jackals
  7 quokkas
  5 ball pythons
  13 giant newts
  17 goblins
  13 kobolds
  10 rats
  A spectral orc (D:5)
351 creatures vanquished.

Vanquished Creatures (others)
  2 orcs (D:10)
2 creatures vanquished.

Grand Total: 353 creatures vanquished

Notes
Turn   | Place    | Note
--------------------------------------------------------------
     0 | D:1      | mrath the Troll Monk began the quest for the Orb.
     0 | D:1      | Reached XP level 1. HP: 22/22 MP: 0/0
   116 | D:1      | Reached XP level 2. HP: 29/29 MP: 1/1
   681 | D:2      | Reached XP level 3. HP: 36/36 MP: 2/2
   714 | D:2      | Found a sparkling altar of Nemelex Xobeh.
  1010 | D:2      | Reached XP level 4. HP: 45/45 MP: 3/3
  1571 | D:3      | Noticed Robin
  1576 | D:3      | Reached XP level 5. HP: 53/53 MP: 4/4
  1591 | D:3      | Killed Robin
  1733 | D:3      | Found a glowing golden altar of the Shining One.
  1744 | D:3      | Noticed Stormphoenix's ghost (amateur DsMo)
  1785 | D:3      | Killed Stormphoenix's ghost
  1848 | D:3      | Reached skill level 1 in Evocations
  2250 | D:4      | Reached XP level 6. HP: 60/62 MP: 5/5
  2267 | D:4      | Noticed a hungry ghost
  2300 | D:3      | Reached skill level 5 in Unarmed Combat
  2563 | D:4      | Got a faintly humming robe
  2574 | D:4      | Identified the +4 robe of Fortification {Str+2 Int-2 Dex+8} (You found it on level 4 of the Dungeon)
  2890 | D:5      | Entered Level 5 of the Dungeon
  2890 | D:5      | Found Zamac's Gadget Boutique.
  2910 | D:5      | Reached XP level 7. HP: 68/71 MP: 7/7
  3067 | D:5      | Found a glowing drain.
  3088 | Sewer    | Entered a sewer
  3302 | Sewer    | Noticed matakusis's ghost (amateur DEWz)
  3370 | Sewer    | Killed matakusis's ghost
  3688 | D:5      | Found Kegearaemp's Food Boutique.
  3770 | D:5      | Found a sparkling altar of Nemelex Xobeh.
  3819 | D:5      | Reached skill level 5 in Fighting
  3857 | D:5      | Found Yreab's Weapon Boutique.
  3881 | D:5      | Found Otiheep's Distillery.
  3889 | D:5      | Found a staircase to the Ecumenical Temple.
  3895 | Temple   | Entered the Ecumenical Temple
  3923 | Temple   | Became a worshipper of Warmaster Okawaru
  3923 | Temple   | Reached * piety under Okawaru
  3923 | Temple   | Reached ** piety under Okawaru
  3959 | D:5      | Bought a potion of heal wounds for 65 gold pieces
  3959 | D:5      | Bought a potion of curing for 39 gold pieces
  4041 | D:5      | Found a shimmering altar of Xom.
  4237 | D:5      | Found a basalt altar of Yredelemnul.
  4295 | D:5      | Noticed Edmund
  4310 | D:5      | Killed Edmund
  4365 | D:5      | Found Lipixood's Weapon Shoppe.
  4401 | D:5      | Reached XP level 8. HP: 80/80 MP: 8/8
  4854 | D:6      | Found Ajaiz's Weapon Shop.
  4886 | D:6      | Noticed Eustachio
  4902 | D:6      | Killed Eustachio
  4902 | D:6      | Reached *** piety under Okawaru
  5144 | D:6      | Noticed matakusis's ghost (amateur DsWz)
  5598 | D:6      | Killed matakusis's ghost
  5598 | D:6      | Reached XP level 9. HP: 81/92 MP: 10/10
  5687 | D:6      | Received a gift from Okawaru
  6126 | D:7      | Reached skill level 5 in Dodging
  6252 | D:7      | Found a blossoming altar of Fedhas.
  6252 | D:7      | Found an opulent altar of Gozag.
  6571 | D:7      | Noticed Menkaure
  6578 | D:7      | Killed Menkaure
  6752 | D:8      | Reached skill level 1 in Invocations
  7214 | D:8      | Reached skill level 1 in Throwing
  7214 | D:8      | Reached skill level 1 in Armour
  7255 | D:8      | Reached **** piety under Okawaru
  7564 | D:8      | Found a glowing silver altar of Zin.
  7631 | D:8      | Reached XP level 10. HP: 86/101 MP: 11/11
  7707 | D:8      | Found a shadowy altar of Dithmenos.
  7723 | D:8      | Got a bloodstained trident
  7724 | D:8      | Identified the +8 trident of the Cup {freeze, +Blink} (You found it on level 8 of the Dungeon)
  7837 | D:9      | Found a radiant altar of Vehumet.
  7912 | D:9      | Found a bloodstained altar of Trog.
  8252 | D:9      | Noticed Maurice
  8259 | D:9      | Killed Maurice
  8574 | D:10     | Entered Level 10 of the Dungeon
  8687 | D:10     | Reached ***** piety under Okawaru
  9189 | D:10     | Found a staircase to the Orcish Mines.
  9457 | D:10     | Found a stormy altar of Qazlal.
  9871 | D:11     | Noticed Erica
  9935 | D:11     | Noticed a cyan ugly thing
 10037 | D:10     | Noticed a hill giant
 10041 | D:10     | Killed a hill giant
 10055 | D:11     | Reached XP level 11. HP: 109/109 MP: 13/13
 10144 | D:11     | Received a gift from Okawaru
 10167 | D:11     | Found a labyrinth entrance.
 10179 | D:11     | Noticed a red ugly thing
 10181 | Lab      | Entered a labyrinth
 10698 | Lab      | Noticed a minotaur
 10788 | Lab      | Killed a minotaur
 10890 | D:11     | Found a staircase to the Lair.
 10957 | D:11     | HP: 1/110 [something/orb of energy (20)]
 10958 | D:11     | Killed from afar by Erica

Skill      XL: |  1  2  3  4  5  6  7  8  9 10 |
---------------+-------------------------------+-----
Fighting       | 3 4 5 6 7 |  7.8
Dodging        | 3 4 5 6 |  6.3
Evocations     | 1 2 3 4 |  4.8
Unarmed Combat | 5 6 7 |  7.8
Stealth        | 2 3 4 |  4.8
Invocations    | 2 3 |  3.7
Throwing       | 1 3 |  3.5
Armour         | 1 3 |  3.2

Action                   |  1- 3 |  4- 6 |  7- 9 | 10-12 || total
-------------------------+-------+-------+-------+-------++-------
Melee: Unarmed           |    98 |   152 |   532 |   311 ||  1093
       Punch             |       |     5 |    28 |    20 ||    53
Throw: Stone             |       |     2 |     2 |       ||     4
       Tomahawk          |       |     9 |    35 |    15 ||    59
Invok: Heroism           |       |       |       |     8 ||     8
       Finesse           |       |       |       |     3 ||     3
  Use: Scroll            |       |     4 |     5 |     8 ||    17
       Potion            |       |       |       |     1 ||     1
 Stab: Sleeping          |     3 |     1 |    13 |     8 ||    25
       Distracted        |       |       |     1 |     1 ||     2
  Eat: Chunk             |    15 |    15 |    51 |    27 ||   108
Armor: Robe              |    37 |    42 |   194 |   103 ||   376
Dodge: Dodged            |    36 |    65 |   314 |   221 ||   636
